 Dungeon Crawl Stone Soup version 0.23.0 (webtiles) character file.

Game seed: 153223301686926882

187 MalarOregon the Ducker (level 5, -1/52 HPs)
             Began as a Merfolk Ice Elementalist on Feb 14, 2019.
             Slain by a white imp (5 damage)
             ... summoned by Eustachio
             ... on level 4 of the Dungeon.
             The game lasted 00:11:09 (3691 turns).

MalarOregon the Ducker (Merfolk Ice Elementalist)   Turns: 3691, Time: 00:11:10

Health: -1/52      AC: 22    Str:  9    XL:     5   Next: 66%
Magic:  4/10       EV:  2    Int: 15    God:
Gold:   203        SH:  0    Dex: 14    Spells: 5/10 levels left

rFire    . . .     SeeInvis .   w - +1 hand axe (chop)
rCold    . . .     Gourm    .   (no shield)
rNeg     + + +     Faith    .   (armour currently unavailable)
rPois    +         Spirit   .   (helmet currently unavailable)
rElec    .         Reflect  .   (cloak currently unavailable)
rCorr    .         Harm     .   (gloves currently unavailable)
MR       .....     NoTele   +   (boots currently unavailable)
Stlth    ++........             (no amulet)
HPRegen  0.17/turn              (no ring)
MPRegen  0.12/turn              (no ring)

@: tree-form, heavily drained
A: (change form in water), (swift swim), (stealthy swim)
a: no special abilities


You were on level 4 of the Dungeon.
You were near starving.
You were a tree.
You visited 1 branch of the dungeon, and saw 5 of its levels.

You collected 203 gold pieces.

Inventory:

Hand Weapons
 w - a +1 hand axe of chopping (weapon)
   (You took it off an orc on level 3 of the Dungeon)
Armour
 a - a +1 robe (melded)
 j - a +0 pair of boots (melded)
   (You found it on level 3 of the Dungeon)
Scrolls
 d - a scroll of fog
 m - 2 scrolls of remove curse {@r2}
 o - a scroll of immolation {!r}
 p - a scroll of amnesia
 q - a scroll of magic mapping {unknown}
Potions
 c - 2 potions of heal wounds {@q2}
 f - a potion of mutation {unknown}
 g - a potion of lignification {!q}
 h - 3 potions of might
 i - a potion of agility {unknown}
 k - a potion of ambrosia {unknown}
 l - a potion of brilliance {unknown}
 s - a potion of magic {unknown}
 t - 2 potions of curing {@q1}
Comestibles
 e - 8 rations {!d}


   Skills:
 + Level 4.8(3.3) Dodging
 - Level 2.1(0.7) Stealth
 + Level 3.3(1.9) Spellcasting
   Level 0.7(0.0) Conjurations
 + Level 4.7(3.2) Ice Magic


You had 5 spell levels left.
You knew the following spells:

 Your Spells              Type           Power        Failure   Level  Hunger
a - Freeze                Ice            ##..         6%          1    ##.....
d - Summon Ice Beast      Ice/Summ       #.......     75%         4    #####..

Your spell library contained the following spells:

 Spells                   Type           Power        Failure   Level  Hunger
 Throw Frost              Conj/Ice       #.....       17%         2    ###....
 Ozocubu's Armour         Chrm/Ice       #.......     34%         3    ####...
 Throw Icicle             Conj/Ice       #.......     75%         4    #####..


Dungeon Overview and Level Annotations

Branches:
Dungeon (5/15)
 Temple: D:4-7

Altars:
Cheibriados
Dithmenos
Gozag
Hepliaklqana
Yredelemnul
Zin
The Shining One

Annotations:
D:4 2 transporters, Eustachio; Inarius's ghost, amateur MiVM


Message History

Aim: Eustachio, wielding a +5 rapier of speed and wearing a +0 leather armour of cold resistance (lightly wounded)
You throw a silver javelin. The silver javelin hits Eustachio.
Eustachio yells, "Perjured traitor, DIE!"
Aim: Eustachio, wielding a +5 rapier of speed and wearing a +0 leather armour of cold resistance (lightly wounded) Eustachio resists.
You freeze Eustachio.
Eustachio gestures wildly while chanting.
Eustachio blinks!
You can't see any susceptible monsters within range! (Use Z to cast anyway.) Throwing (i - inventory)
n - 5 silver javelins (quivered)
Aim: Eustachio, wielding a +5 rapier of speed and wearing a +0 leather armour of cold resistance (moderately wounded)
You throw a silver javelin.
The silver javelin hits Eustachio but does no damage.
Throwing (i - inventory)
n - 4 silver javelins (quivered)
Aim: Eustachio, wielding a +5 rapier of speed and wearing a +0 leather armour of cold resistance (moderately wounded)
You throw a silver javelin.
The silver javelin closely misses Eustachio.
Aim: Eustachio, wielding a +5 rapier of speed and wearing a +0 leather armour of cold resistance (moderately wounded) Eustachio resists.
You freeze Eustachio.
Eustachio casts a spell.
You closely miss Eustachio.
Eustachio casts a spell.
Eustachio blinks!
Throwing (i - inventory)
n - 3 silver javelins (quivered)
Aim: Eustachio, wielding a +5 rapier of speed and wearing a +0 leather armour of cold resistance (moderately wounded)
You throw a silver javelin. The silver javelin hits Eustachio.
The white imp gestures at you.
The puff of frost hits you but does no damage.
Eustachio screams, "At last I'll have my revenge!"
Throwing (i - inventory)
n - 2 silver javelins (quivered)
Aim: Eustachio, wielding a +5 rapier of speed and wearing a +0 leather armour of cold resistance (heavily wounded)
You throw a silver javelin. The silver javelin hits Eustachio!
Eustachio drinks a potion.
Eustachio is healed!
The white imp hits you but does no damage.
Throwing (i - inventory)
n - a silver javelin (quivered)
Aim: Eustachio, wielding a +5 rapier of speed and wearing a +0 leather armour of cold resistance (heavily wounded)
You throw a silver javelin.
The silver javelin hits Eustachio but does no damage.
The white imp gestures at you. The puff of frost hits you.
* * * LOW HITPOINT WARNING * * *
Aim: Eustachio, wielding a +5 rapier of speed and wearing a +0 leather armour of cold resistance (heavily wounded) Eustachio resists.
You freeze Eustachio.
The white imp hits you but does no damage.
Eustachio drinks a potion.
Eustachio is healed!
Aim: Eustachio, wielding a +5 rapier of speed and wearing a +0 leather armour of cold resistance (heavily wounded) Eustachio completely resists.
You freeze Eustachio but do no damage. The white imp hits you.
* * * LOW HITPOINT WARNING * * *
The white imp freezes you.
You die...

###.......##########...#########
###.#...# #...# #####
####.###..# #...# ##.(.. ....##
##.# ######.######...##
####.###..# #.............#...
##.#.#.# #(####.######...##
##.##.### #.# #.# ##.##
#.##...####.####(# #.#
#.##.......♣@.(..# #.#
#.####.####5####.# #.# #.#
##.###...###.# #.#
#.###......#(....# #.#
#......###..(###.#######.#
######.####.## #......(..#
#......# ########### ########


You could see Eustachio and a white imp.

Vanquished Creatures
  A centaur skeleton (D:4)
  A hound skeleton (D:4)
  A howler monkey skeleton (D:4)
  3 adders
  3 gnolls (D:5)
  A worm (D:3)
  A dart slug (D:1)
  7 orcs (D:3)
  4 giant cockroaches
  9 hobgoblins
  13 jackals
  A quokka (D:2)
  A ball python skeleton (D:4)
  6 bats
  3 frilled lizards
  3 goblins
  4 kobolds
  8 rats
70 creatures vanquished.

Notes
Turn   | Place    | Note
-------+----------+-------------------------------------------
     0 | D:1      | MalarOregon the Merfolk Ice Elementalist began the quest
                  | for the Orb.
     0 | D:1      | Reached XP level 1. HP: 13/13 MP: 3/3
   277 | D:1      | Reached XP level 2. HP: 13/19 MP: 0/5
   772 | D:2      | Found an opulent altar of Gozag.
   895 | D:2      | Reached XP level 3. HP: 22/24 MP: 2/6
  1623 | D:3      | Reached XP level 4. HP: 18/30 MP: 0/8
  2369 | D:3      | Found a glowing golden altar of the Shining One.
  2395 | D:3      | Learned a level 4 spell: Summon Ice Beast
  2449 | D:3      | Found a snail-covered altar of Cheibriados.
  2450 | D:3      | Found a shadowy altar of Dithmenos.
  2549 | D:3      | Found a hazy altar of Hepliaklqana.
  2549 | D:3      | Found a glowing silver altar of Zin.
  2676 | D:3      | Found a basalt altar of Yredelemnul.
  2798 | D:4      | Reached XP level 5. HP: 22/35 MP: 9/9
  3122 | D:4      | Found a transporter.
  3124 | D:4      | Found a transporter.
  3124 | D:4      | Noticed Inarius's ghost (amateur MiVM)
  3467 | D:5      | Entered Level 5 of the Dungeon
  3561 | D:5      | Noticed Eustachio
  3691 | D:4      | Slain by a white imp

Skill      XL: |  1  2  3  4 |
---------------+-------------+-----
Dodging        | 3 4 |  4.8
Ice Magic      | 4 |  4.7
Spellcasting   | 3 |  3.3
Stealth        | |  2.1
Conjurations   | |  0.7

Action                   |  1- 3 |  4- 6 || total
-------------------------+-------+-------++-------
Melee: Unarmed           |    21 |       ||    21
       Spear             |    19 |    19 ||    38
       Hand axe          |       |    55 ||    55
Throw: Javelin           |       |     6 ||     6
 Cast: Freeze            |    50 |    52 ||   102
  Use: Scroll            |       |    12 ||    12
       Potion            |       |     1 ||     1
 Stab: Sleeping          |     5 |     2 ||     7
  Eat: Chunk             |     3 |     5 ||     8
Armor: Robe              |     8 |    31 ||    39
       Skin              |       |     5 ||     5
Dodge: Dodged            |    53 |   114 ||   167
